 Dungeon Crawl Stone Soup version 0.31.0-11-ge490571c62 (webtiles) character file.

Game seed: 15030523853916879681

37654 SnakkuSnakku7 the Brawler (level 13, -8/107 HPs)
             Began as a Ghoul Summoner on Jan 26, 2024.
             Was a Follower of Uskayaw.
             Mangled by a boulder beetle (9 damage)
             ... on level 4 of the Lair of Beasts.
             The game lasted 00:17:33 (12459 turns).

SnakkuSnakku7 the Brawler (Ghoul Summoner)         Turns: 12459, Time: 00:17:33

Health: -8/107     AC: 27    Str: 20    XL:     13   Next: 98%
Magic:  23/23      EV:  9    Int: 14    God:    Uskayaw [*.....]
Gold:   906        SH:  4    Dex:  9    Spells: 15/15 levels left

rFire   . .          .
                       - Unarmed
rCold   + . .        c - +0 buckler
rNeg    + + +        n - +0 crystal plate armour
rPois   ∞            o - +2 helmet
rElec   .            (no cloak)
rCorr   .            (no gloves)
SInv    .            f - +2 pair of boots
Will    .....        (no amulet) Stlth
                     s - ring "Qiawkan" {rPois rN+ Str+3}
HPRegen 0.00/turn    B - +5 ring of evasion
MPRegen 0.18/turn

%: no passive effects
@: about to teleport, inhibited regen
A: claws 1, cold resistance 1, negative energy resistance 3, inhibited
regeneration, torment resistance 2, devour on kill
a: Renounce Religion, Stomp


You were on level 4 of the Lair of Beasts.
You worshipped Uskayaw.
Uskayaw was pleased with you.
You visited 3 branches of the dungeon, and saw 15 of its levels.
You also visited: Bailey.

You collected 906 gold pieces.

Inventory:

Missiles
 F - 8 curare-tipped darts
Armour
 c - a +0 buckler (worn)
 f - a +2 pair of boots (worn)
 n - a +0 crystal plate armour (worn)
 o - a +2 helmet (worn)
 r - an orb of mayhem
 D - the +8 ring mail of Lugonu's Castigation {rElec rPois Str+4 Stlth-}
   (You found it on level 10 of the Dungeon)

   Str+4:     It affects your strength (+4).
   rElec:     It insulates you from electricity.
   rPois:     It protects you from poison Stlth-: It makes you less stealthy.
Jewellery
 p - a +6 ring of dexterity
 s - the ring "Qiawkan" (left claw) {rPois rN+ Str+3}
   (You found it on level 5 of the Dungeon)

   [ring of positive energy]

   Str+3:     It affects your strength (+3).
   rPois:     It protects you from poison rN+: It protects you from negative
   energy.
 B - a +5 ring of evasion (right claw)
Wands
 e - a wand of roots (10)
 j - a wand of mindburst (3)
 q - a wand of charming (18)
 v - a wand of flame (10)
 w - a wand of polymorph (8)
Scrolls
 d - a scroll of immolation {unknown}
 g - a scroll of identify
 h - a scroll of blinking {unknown}
 i - 2 scrolls of enchant armour
 k - a scroll of acquirement {unknown}
 y - a scroll of fog {unknown}
 A - a scroll of silence
 E - 2 scrolls of teleportation
 G - a scroll of poison {unknown}
 H - 2 scrolls of torment {unknown}
Potions
 a - 2 potions of cancellation
 b - a potion of magic
 l - 3 potions of heal wounds {unknown}
 m - a potion of might
 u - 4 potions of curing {unknown}
 x - a potion of resistance
 z - a potion of attraction
 C - a potion of enlightenment


   Skills:
 - Level 8.0 Fighting
 - Level 10.0 Armour
 - Level 1.7 Dodging
 - Level 2.1 Stealth
 - Level 5.0 Shields
 - Level 15.0 Unarmed Combat
 - Level 1.7 Spellcasting
 - Level 3.6 Summonings
 + Level 14.4 Invocations


You had 15 spell levels left.
You didn't know any spells.
Your spell library contained the following spells:

 Spells                   Type           Power      Damage    Failure   Level
 Magic Dart               Conj           4%         1d3       100%        1
 Necrotise                Necr           4%         1d4       100%        1
 Summon Small Mammal      Summ           44%        N/A       100%        1
 Call Imp                 Summ           22%        N/A       100%        2
 Cigotuvi's Dreadful Rot  Necr/Alch/Air  2%         N/A       100%        2
 Jinxbite                 Hex            2%         N/A       100%        2
 Searing Ray              Conj           2%         2d4       100%        2
 Static Discharge         Conj/Air       2%         3-4/arc   100%        2
 Call Canine Familiar     Summ           11%        N/A       100%        3
 Vampiric Draining        Necr           1%         2d6       100%        3
 Airstrike                Air            0%         2d(1-17)  100%        4
 Fulminant Prism          Conj/Alch      0%         3d5       100%        4
 Ignite Poison            Fire/Alch      1%         N/A       100%        4
 Martyr's Knell           Necr/Summ      6%         N/A       100%        4
 Petrify                  Alch/Erth      1%         N/A       100%        4
 Summon Blazeheart Golem  Fire/Summ      6%         N/A       100%        4
 Summon Lightning Spire   Summ/Air       6%         N/A       100%        4
 Curse of Agony           Necr           1%         N/A       100%        5
 Freezing Cloud           Conj/Ice/Air   0%         6-21      100%        5
 Irradiate                Conj/Alch      0%         3d11      100%        5
 Yara's Violent Unravell  Hex/Alch       0%         3d3       100%        5
 Enfeeble                 Hex            0%         N/A       100%        7
 Sublimation of Blood     Necr           Unusable   N/A       N/A         2

Dungeon Overview and Level Annotations

Branches:
Dungeon (10/15)            Temple (1/1) D:6            Lair (4/5) D:8
 Shoals (0/4) Lair:2       Spider (0/4) Lair:3        Slime (0/5) Lair:4
 Bailey (visited)
    Orc: D:9-12

Altars:
Ashenzari
Cheibriados
Dithmenos
Fedhas
Gozag
Hepliaklqana
Kikubaaqudgha
Makhleb
Nemelex Xobeh
Okawaru
Qazlal
Ru
Sif Muna
Trog
Uskayaw
Vehumet
Wu Jian
Xom
Yredelemnul

Annotations:
D:9 2 transporters, zenocrate's ghost, journeyman OpSh


Innate Abilities, Weirdness & Mutations

You are immune to poison.
You have sharp fingernails.
Your flesh is cold resistant. (rC+)
You are immune to negative energy. (rN+++)
You do not regenerate when monsters are visible.
You are immune to unholy pain and torment.
You thrive by killing the living.


Message History

You feel better.
A boulder beetle comes into view.
The boulder beetle curls into a ball and begins rolling!
A boulder beetle is nearby!
A boulder beetle is nearby!
The boulder beetle closely misses you.
The boulder beetle stops rolling and uncurls.
You barely miss the boulder beetle. The boulder beetle bites you.
You can no longer pass through a line of other dancers.
You claw the boulder beetle!
The boulder beetle is lightly wounded.
The boulder beetle bites you!
You can now pass through a line of other dancers.
You scratch the boulder beetle.
The boulder beetle is moderately wounded.
You scratch the boulder beetle but do no damage.
The boulder beetle is moderately wounded.
The boulder beetle closely misses you.
You scratch the boulder beetle but do no damage.
The boulder beetle is lightly wounded.
The boulder beetle leaps!
Found an escape hatch in the floor.
You can no longer pass through a line of other dancers.
There is an open door here.
You close the door.
The boulder beetle curls into a ball and begins rolling!
You see here a cane toad corpse.
You scratch the boulder beetle but do no damage.
The boulder beetle hits you!!
* * * LOW HITPOINT WARNING * * *
The boulder beetle stops rolling and uncurls.
As you read the scroll of fear, it crumbles to dust.
You assume a fearsome visage.
The boulder beetle easily resists.
The boulder beetle bites you!
* * * LOW HITPOINT WARNING * * *
Okay, then.
Okay, then.
As you read the scroll of teleportation, it crumbles to dust.
You feel strangely unstable. The boulder beetle bites you!
You die...

.8...8......#B.....##
...>.......°+...####
8...8...#°.##P########
........B..#####.....#
#...#..#○.## #.#...###
.#####..B.######..P##
........○##.......## ##
......###B.........######
#P.#
##..#.#.@.#....###.##.#..
...P #............##
#....... ...#
#.....#......## ##......
..# #8.>. ######.#
##..###. ..# ... #.##
#...###. P## #. ##..#
#....... .PP. #
#..######..†... ....
##....#....#..# ....
#..#.#....#..#


You could see a boulder beetle.

Vanquished Creatures
  Josephine (Lair:3)
  A hydra (Lair:3)
  A catoblepas (Lair:4)
  A two-headed ogre (D:9)
  5 death yaks (Lair:4)
  Amaemon (Lair:2)
  Nergalle (Lair:2)
  2 manticores (Lair:2)
  6 black mambas
  2 elephants
  2 torpor snails
  10 cane toads
  Maggie (Lair:2)
  An orange demon (Lair:2)
  A gargoyle (D:10)
  An unseen horror (D:10)
  Jeremiah (D:8)
  6 komodo dragons
  4 rime drakes
  2 trolls (D:9)
  Prince Ribbit (D:8)
  19 blink frogs
  3 dream sheep
  6 wraiths
  Eustachio (D:5)
  10 wyverns
  33 yaks
  2 basilisks
  A steam dragon (D:7)
  Grum (D:8)
  16 water moccasins
  4 black bears
  5 orc warriors
  2 ice beasts
  3 sky beasts
  11 wolves
  4 centaurs
  2 kobold brigands (D:8)
  14 bullfrogs
  8 gnoll sergeants
  2 scorpions
  11 wights
  4 killer bees (D:7)
  7 electric eels
  7 howler monkeys
  6 hounds
  A jelly (D:5)
  4 orc priests
  A bombardier beetle (D:3)
  5 gnoll boudas (Bailey)
  A sleepcap (D:5)
  Terence (D:2)
  An iguana (D:4)
  5 orc wizards
  4 hell rats (Lair:4)
  31 gnolls
  6 adders
  3 shadow imps
  A white imp (D:5)
  2 ufetubi (D:6)
  A ribbon worm (D:4)
  44 orcs
  A bat (D:3)
  5 endoplasms
  5 giant cockroaches
  15 goblins
  7 hobgoblins
  6 jackals
  19 kobolds
  A quokka (D:1)
  5 ball pythons
  4 frilled lizards
  3 rats
  A butterfly (Lair:2)
416 creatures vanquished.

Notes
Turn   | Place    | Note
-------+----------+-------------------------------------------
     0 | D:1      | SnakkuSnakku7 the Ghoul Summoner began the quest for the
                  | Orb.
     0 | D:1      | Reached XP level 1. HP: 14/14 MP: 3/3
   104 | D:1      | Reached skill level 1 in Fighting
   104 | D:1      | Reached skill level 1 in Unarmed Combat
   104 | D:1      | Reached XP level 2. HP: 23/23 MP: 4/4
   925 | D:2      | Noticed Terence
   956 | D:2      | Killed Terence
   957 | D:2      | Reached skill level 2 in Unarmed Combat
   957 | D:2      | Reached XP level 3. HP: 9/30 MP: 5/5
  1635 | D:3      | Reached XP level 4. HP: 37/37 MP: 6/6
  1970 | D:3      | Reached skill level 3 in Unarmed Combat
  2071 | D:3      | Reached XP level 5. HP: 45/45 MP: 7/7
  2419 | D:4      | Found a radiant altar of Vehumet.
  2895 | D:5      | Entered Level 5 of the Dungeon
  2911 | D:5      | Reached skill level 4 in Unarmed Combat
  2927 | D:5      | Reached XP level 6. HP: 4/53 MP: 8/8
  3306 | D:5      | Noticed Eustachio
  3335 | D:5      | Killed Eustachio
  3336 | D:5      | Reached skill level 5 in Fighting
  3336 | D:5      | Reached skill level 5 in Unarmed Combat
  3336 | D:5      | Reached XP level 7. HP: 22/61 MP: 9/9
  3715 | D:5      | Reached skill level 6 in Unarmed Combat
  3736 | D:5      | Identified the ring "Qiawkan" {rPois rN+ Str+3}
  4076 | D:6      | Reached XP level 8. HP: 60/71 MP: 10/10
  4081 | D:6      | Found a staircase to the Ecumenical Temple.
  4086 | Temple   | Entered the Ecumenical Temple
  4118 | D:6      | Found a hide-covered altar of Uskayaw.
  4126 | D:6      | Became a worshipper of Uskayaw the Reveller
  4130 | D:6      | Reached * piety under Uskayaw
  4131 | D:6      | Reached skill level 7 in Unarmed Combat
  4134 | D:6      | Reached ** piety under Uskayaw
  4140 | D:6      | Reached *** piety under Uskayaw
  4143 | D:6      | Reached **** piety under Uskayaw
  4348 | D:6      | Noticed a yak
  4348 | D:6      | Noticed a yak
  4348 | D:6      | Noticed a yak
  4348 | D:6      | Noticed a yak
  4374 | D:6      | Killed a yak
  4375 | D:6      | Reached skill level 8 in Unarmed Combat
  4380 | D:6      | Killed a yak
  4380 | D:6      | Reached ***** piety under Uskayaw
  4386 | D:6      | Noticed a yak
  4389 | D:6      | Noticed a yak
  4412 | D:6      | Killed a yak
  4413 | D:6      | Reached skill level 9 in Unarmed Combat
  4413 | D:6      | Reached XP level 9. HP: 67/81 MP: 11/11
  4423 | D:6      | Reached ****** piety under Uskayaw
  4424 | D:6      | Reached skill level 10 in Unarmed Combat
  4746 | D:6      | Reached skill level 11 in Unarmed Combat
  5199 | D:7      | Reached skill level 12 in Unarmed Combat
  5254 | D:7      | Noticed Joseph
  5373 | D:7      | Reached XP level 10. HP: 88/88 MP: 12/12
  5643 | D:7      | Reached skill level 13 in Unarmed Combat
  5925 | D:7      | Joseph changed into Joseph the centaur
  5925 | D:7      | Noticed Joseph
  5930 | D:7      | Killed Joseph the centaur
  6064 | D:8      | Found a staircase to the Lair.
  6101 | D:8      | Reached skill level 14 in Unarmed Combat
  6370 | D:8      | Noticed Jeremiah
  6484 | D:8      | Killed Jeremiah
  6620 | D:8      | Noticed Grum
  6626 | D:8      | Killed Grum
  6636 | D:8      | Reached skill level 15 in Unarmed Combat
  6734 | D:8      | Noticed Prince Ribbit
  6746 | D:8      | Killed Prince Ribbit
  6747 | D:8      | Reached skill level 1 in Shields
  6945 | D:9      | Noticed a deep elf pyromancer
  6951 | D:9      | Found a transporter.
  6951 | D:9      | Noticed zenocrate's ghost (journeyman OpSh)
  6951 | D:9      | Noticed a two-headed ogre
  6966 | D:9      | Found a transporter.
  7009 | D:9      | Reached XP level 11. HP: 83/94 MP: 13/13
  7112 | D:9      | Noticed a two-headed ogre
  7119 | D:9      | Killed a two-headed ogre
  7120 | D:9      | Reached skill level 5 in Shields
  7120 | D:9      | Reached skill level 1 in Armour
  7171 | D:9      | Found a stormy altar of Qazlal.
  7631 | D:10     | Entered Level 10 of the Dungeon
  7756 | D:10     | Found a flagged portal.
  7787 | Bailey   | Entered a bailey
  8239 | Bailey   | Reached skill level 5 in Armour
  8372 | Bailey   | Identified the +6 glaive of Midsummer {venom, Str+3}
  8626 | D:10     | Identified the +8 ring mail of Lugonu's Castigation {rElec
                  | rPois Str+4 Stlth-}
  9005 | Lair:1   | Entered Level 1 of the Lair of Beasts
  9105 | Lair:1   | Reached XP level 12. HP: 43/101 MP: 14/14
  9532 | Lair:1   | You fall into a shaft and drop 1 floor!
  9606 | Lair:2   | Noticed Nergalle
  9616 | Lair:2   | Killed Nergalle
  9668 | Lair:2   | Noticed Maggie
  9681 | Lair:2   | Killed Maggie
  9682 | Lair:2   | Reached skill level 10 in Armour
 10091 | Lair:2   | Reached skill level 5 in Invocations
 10243 | Lair:2   | Noticed Amaemon
 10266 | Lair:2   | Killed Amaemon
 10532 | Lair:2   | Found a staircase to the Shoals.
 10545 | Lair:2   | Reached XP level 13. HP: 67/107 MP: 19/19
 10795 | Lair:3   | Noticed Josephine
 10811 | Lair:3   | Killed Josephine
 10813 | Lair:3   | Reached skill level 10 in Invocations
 11380 | Lair:3   | Found a hole to the Spider Nest.
 11863 | Lair:4   | Found a staircase to the Slime Pits.
 12458 | Lair:4   | HP: 1/107 [boulder beetle (8)]
 12459 | Lair:4   | Mangled by a boulder beetle

Illustrated notes

Levels and vault maps discovered:
D:1:      amcnicky_arrival_gap_in_the_tavern_cellar, layout_basic
D:2:      layout_loops_ring, corner_web_ring, kennysheep_cluttered_room,
          minmay_pentomino_s4, uniq_terence
D:3:      layout_loops_cross
D:4:      layout_loops_ring, vehumet_altar_wand_db, serial_aquarium,
          aquarium_bridge_long_joined [aquarium_subvault_bridge,
          aquarium_subvault_wall, aquarium_subvault_wall,
          aquarium_subvault_bridge, aquarium_subvault_window,
          aquarium_subvault_wall], aquarium_window_1, aquarium_window_fake,
          aquarium_window_fake, aquarium_view_2f, aquarium_balcony_3b,
          aquarium_pool_1, serial_park_tiny_1, minmay_unequal
D:5:      corexii_shantytown, layout_rooms, uniq_eustachio
D:6:      layout_gridville, nicolae_uskayaw_murder_on_the_dancefloor,
          temple_doors_ab
D:7:      layout_loops_ring, amcnicky_mini_rare_corridor_liquid, uniq_joseph
D:8:      layout_loops_ring, david_lair_generic, uniq_grum, uniq_jeremiah,
          uniq_prince_ribbit1
D:9:      layout_irregular_city, nicolae_qazlal_scattered_showers,
          gammafunk_ghost_arena
D:10:     layout_rooms, enter_bailey_3
Temple:   compressed_dpeg_triangle_lava_temple
Lair:1:   layout_loops_ring, nicolae_quartered_pool_super, st_stairs_5
Lair:2:   layout_regular_city, minmay_shoals_entry_beasts,
          infiniplex_staircase_pool, grunt_megastairs_4, serial_bayou_shore_a,
          lemuel_fruit_fields, uniq_maggie, uniq_nergalle, uniq_amaemon
Lair:3:   layout_hall_layers, spider_nest_entry_web_field, grunt_megastairs_1,
          lemuel_fruit_tree, serial_bayou_shore_b, uniq_josephine
Lair:4:   layout_layer_cave, slime_entry_1, grunt_megastairs_2

Skill      XL: |  1  2  3  4  5  6  7  8  9 10 11 12 13 |
---------------+----------------------------------------+-----
Fighting       | 1 2 3 4 5 6 8 |  8.0
Unarmed Combat | 1 2 3 4 5 6 9 12 15 | 15.0
Shields        | 3 5 |  5.0
Armour         | 8 10 | 10.0
Invocations    | 9 14 | 14.4
Dodging        | |  1.7
Stealth        | |  2.1
Spellcasting   | |  1.7
Summonings     | |  3.6

Action                     |  1- 3 |  4- 6 |  7- 9 | 10-12 | 13-15 || total
---------------------------+-------+-------+-------+-------+-------++-------
  Melee: Unarmed           |   130 |   179 |   275 |   642 |   269 ||  1495
         Punch             |     1 |     1 |    13 |    10 |       ||    25
  Throw: Dart              |       |       |       |     1 |       ||     1
  Evoke: Wand              |       |       |       |     5 |       ||     5
    Use: Scroll            |       |     8 |     4 |     8 |     2 ||    22
         Potion            |       |     1 |       |       |       ||     1
   Stab: Paralysed         |       |       |     6 |    30 |    34 ||    70
         Petrified         |       |       |       |       |     3 ||     3
 Armour: Ring mail         |    52 |       |       |   195 |    74 ||   321
         Robe              |     2 |       |       |       |       ||     2
         Plate armour      |    13 |   222 |   313 |   304 |       ||   852
         Scale mail        |     8 |       |       |       |       ||     8
         Crystal plate arm |       |       |       |    94 |    95 ||   189
  Dodge: Dodged            |    60 |    53 |    54 |   216 |   117 ||   500
  Block: Buckler           |       |       |       |   101 |    41 ||   142
